 Dungeon Crawl Stone Soup version 0.21-a0-286-g6fcecc0 (webtiles) character file.

1069 tidbits the Grave Robber (level 8, -7/66 HPs)
             Began as a Grey Draconian Necromancer on Sept 27, 2017.
             Was a Believer of Uskayaw.
             Mangled by an ogre
             ... wielding a +0 giant spiked club
              (19 damage)
             ... on level 7 of the Dungeon.
             The game lasted 00:20:19 (2560 turns).

tidbits the Grave Robber (DrNe)                     Turns: 2560, Time: 00:20:20

Health: -7/66      AC: 12    Str: 11    XL:     8   Next: 7%
Magic:  1/14       EV: 14    Int: 17    God:    Uskayaw [**....]
Gold:   164        SH:  0    Dex: 15    Spells: 7/15 levels left

rFire    . . .     SeeInvis .   d - +0 dagger (venom)
rCold    . . .     Gourm    .   (no shield)
rNeg     . . .     Faith    +   (armour unavailable)
rPois    +         Spirit   .   (helmet restricted)
rElec    +         Reflect  .   (no cloak)
rCorr    .         Harm     .   (no gloves)
MR       ++...                  (no boots)
Stlth    ++........             i - amulet of faith
HPRegen  0.21/turn              P - ring of poison resistance
MPRegen  0.14/turn              X - +5 ring of dexterity

@: about to teleport, very slightly contaminated
A: walk through water, unfitting armour, stinger 1, clumsy 1, magic resistance
2, shaggy fur 1, electricity resistance, unbreathing, cold-blooded, AC +11
a: Stomp, Line Pass, Renounce Religion


You were on level 7 of the Dungeon.
You worshipped Uskayaw.
Uskayaw was noncommittal.
You were not hungry.

You visited 1 branch of the dungeon, and saw 7 of its levels.

You collected 164 gold pieces.

Inventory:

Hand Weapons
 d - a +0 dagger of venom (weapon)
   (You took it off a goblin on level 2 of the Dungeon)
 g - a +0 blowgun
 k - the +4 hunting sling of No More Talking {venom, rPois}
   (You found it on level 5 of the Dungeon)

   It poisons the ammo it fires.
   It protects you from poison.
 p - a cursed -2 shortbow
 s - a +0 club
Missiles
 l - 5 sling bullets
 n - 57 arrows
Armour
 A - a +0 buckler
Jewellery
 i - an amulet of faith (around neck)
   (You found it on level 1 of the Dungeon)
 w - an uncursed ring of ice
   (You found it on level 4 of the Dungeon)
 D - an uncursed ring of protection from fire {unknown}
   (You found it on level 6 of the Dungeon)
 P - a ring of poison resistance (left hand)
   (You found it on level 3 of the Dungeon)
 X - a +5 ring of dexterity (right hand)
   (You found it on level 2 of the Dungeon)
Wands
 x - a wand of random effects (20/48)
Scrolls
 h - a scroll of recharging
 j - a scroll of enchant armour {unknown}
 r - a scroll of noise {unknown}
 y - 4 scrolls of teleportation
Potions
 e - a potion of haste
 f - 2 potions of heal wounds
 o - a potion of curing {unknown}
 q - 2 potions of brilliance
 t - a potion of invisibility
 u - a potion of berserk rage {unknown}
 v - a potion of cancellation {unknown}
 B - 2 potions of magic
Books
 a - a book of Necromancy

   Spells                             Type                      Level
   a - Pain                           Necromancy                   1
   b - Animate Skeleton               Necromancy                   1
   c - Vampiric Draining              Necromancy                   3
   d - Regeneration                   Charms/Necromancy            3
   e - Animate Dead                   Necromancy                   4
   f - Control Undead                 Necromancy                   4
Comestibles
 b - 4 bread rations
 c - 3 meat rations
 m - 6 fruits
 z - 2 royal jellies
 C - 3 chunks of flesh


   Skills:
 + Level 4.0 Fighting
 + Level 4.0 Dodging
 - Level 1.7 Stealth
 - Level 0.2 Unarmed Combat
 - Level 4.2 Spellcasting
 - Level 7.4 Necromancy


You had 7 spell levels left.
You knew the following spells:

 Your Spells              Type           Power        Failure   Level  Hunger
a - Pain                  Necr           ####         1%          1    None
n - Animate Skeleton      Necr           N/A          1%          1    None
r - Regeneration          Chrm/Necr      ###.......   10%         3    ###....
v - Vampiric Draining     Necr           ####......   2%          3    ###....


Dungeon Overview and Level Annotations

Branches:
Dungeon (7/15)             Temple (0/1) D:7

Altars:
Cheibriados
Elyvilon
Gozag
Trog
Uskayaw
Zin


Innate Abilities, Weirdness & Mutations

You can walk through water.
Your dull iron-grey scales are very hard. (AC +11)
You cannot fit into any form of body armour.
You can survive without breathing.
You are cold-blooded and may be slowed by cold attacks.
Your tail ends in a poisonous barb.
You are clumsy. (Dex -2)
You are highly resistant to hostile enchantments. (MR++)
You are covered in fur. (AC +1)
You are resistant to electric shocks. (rElec)


Message History

You hit the centaur.
The centaur is poisoned.
The centaur is lightly wounded.
The centaur hits you but does no damage.
The bullfrog hits the centaur!
You closely miss the centaur.
The centaur is heavily wounded.
The centaur closely misses you.
The centaur hits you but does no damage.
Casting: Regeneration
Confirm with . or Enter, or press ? or * to list all spells.
Aiming: Vampiric Draining
Press: ? - help, Shift-Dir - straight line, f - centaur, p - Pikel
Aim: a centaur (heavily wounded, poisoned)
You miscast Vampiric Draining.
You are very lightly contaminated with residual magic.
Pain shoots through your body. The ogre closely misses you.
The centaur hits you but does no damage.
Casting: Vampiric Draining
Confirm with . or Enter, or press ? or * to list all spells.
Aiming: Vampiric Draining
Press: ? - help, Shift-Dir - straight line, f/p - centaur
Aim: a centaur (heavily wounded, poisoned)
The centaur is almost dead.
You feel life coursing into your body.
The gnoll shouts!
The centaur hits you but does no damage.
The ogre hits you with a giant spiked club!
* * * LOW HITPOINT WARNING * * *
Pikel hits you with a whip of freezing.
* * * LOW HITPOINT WARNING * * *
Pikel freezes you.
* * * LOW HITPOINT WARNING * * *
The centaur hits you but does no damage.
Unknown command.
Casting: Vampiric Draining
Confirm with . or Enter, or press ? or * to list all spells.
Aiming: Vampiric Draining
Press: ? - help, Shift-Dir - straight line, f - Pikel, p - centaur
Aim: Pikel, wielding a whip of freezing, wearing a robe and carrying a wand of digging (?/24) {zapped: 1} (almost dead, poisoned)
You kill Pikel!
Your Fighting skill gained 3 levels and is now at level 3!
Your Dodging skill gained 2 levels and is now at level 3!
You have reached level 8!
You feel stronger.
You feel life coursing into your body.
With Pikel's spell broken, the former slave thanks you for its freedom.
The freed slave hits the ogre!
The centaur misses you. The ogre closely misses you.
The gnoll shaman hits the freed slave with a whip.
You can now pass through a line of other dancers.
You feel much better. The centaur closely misses you.
The bullfrog closely misses the gnoll shaman.
The freed slave barely misses the gnoll shaman.
The centaur hits you.
* * * LOW HITPOINT WARNING * * *
The gnoll shaman barely misses the freed slave.
Casting: Vampiric Draining
Confirm with . or Enter, or press ? or * to list all spells.
Aiming: Vampiric Draining
Press: ? - help, Shift-Dir - straight line, f - ogre
Aim: an ogre, wielding a giant spiked club (moderately wounded)
The ogre is heavily wounded.
You feel life coursing into your body.
The gnoll shouts!
The ogre barely misses you.
The freed slave hits the gnoll shaman.
The centaur hits you but does no damage.
The gnoll shaman closely misses the freed slave.
You hit the centaur.
The centaur looks even sicker.
The centaur is almost dead.
The centaur closely misses you.
The freed slave hits the gnoll shaman but does no damage.
The gnoll closely misses the freed slave.
The ogre hits you with a giant spiked club!
* * * LOW HITPOINT WARNING * * *
The centaur closely misses you.
The gnoll shaman closely misses the freed slave.
You hit the centaur but do no damage.
The centaur looks as sick as possible!
The centaur is almost dead.
The freed slave hits the gnoll shaman!
The centaur hits you but does no damage.
The gnoll hits the freed slave but does no damage.
The gnoll shaman misses the freed slave.
You closely miss the centaur.
The centaur is almost dead.
You kill the centaur!
Your Fighting skill increases to level 4!
Your Dodging skill increases to level 4!
The bullfrog hits the gnoll.
The ogre hits you with a giant spiked club!!
* * * LOW HITPOINT WARNING * * *
The freed slave closely misses the gnoll.
The bullfrog closely misses the gnoll.
The gnoll closely misses the freed slave.
The gnoll shaman calls upon its god to speed up the gnoll.
The gnoll seems to speed up.
As you read the scroll of teleportation, it crumbles to dust.
You feel strangely unstable.
The bullfrog seems less confused.
The freed slave hits the gnoll!
The ogre hits you with a giant spiked club!!
You die...

. #.........
......#.
#.!......O
####..#.
.........% .#.#.
######8g8######
.## #.
..§............
## #.
.§....ggg......
.......pF......
......)O)......
.......@....§..
...........§...
...............
.......(.......
..§....(.......#
...§...........#
..............§#
..§...........§#
...§...........#


You could see an ogre, a bullfrog, a gnoll shaman, 3 gnolls and a neutral freed
slave.

Vanquished Creatures
  Pikel (D:7)
  3 slaves (D:6)
  2 centaurs
  A scorpion (D:6)
  A hound (D:6)
  4 orc wizards
  An orc priest (D:4)
  Natasha (D:2)
  A worker ant (D:4)
  A hound skeleton (D:5)
  Robin (D:2)
  A gnoll (D:6)
  7 adders
  An ooze (D:1)
  2 worms
  2 dart slugs (D:1)
  8 orcs
  3 ball pythons (D:2)
  9 bats
  2 giant cockroaches
  8 goblins
  7 hobgoblins
  8 jackals
  5 kobolds
  A quokka (D:7)
  2 frilled lizards
  A jackal skeleton (D:4)
  5 rats
89 creatures vanquished.

Vanquished Creatures (collateral kills)
  Jessica (D:1)
  A dart slug (D:2)
  A goblin (D:2)
  A jackal (D:2)
  A jackal skeleton (D:6)
  2 rats (D:1)
7 creatures vanquished.

Grand Total: 96 creatures vanquished

Notes
Turn   | Place    | Note
-------+----------+-------------------------------------------
     0 | D:1      | tidbits the Draconian Necromancer began the quest for the Orb.
     0 | D:1      | Reached XP level 1. HP: 14/14 MP: 3/3
   138 | D:2      | Reached XP level 2. HP: 13/20 MP: 0/5
   400 | D:2      | Reached XP level 3. HP: 13/26 MP: 2/6
   536 | D:3      | Learned a level 3 spell: Vampiric Draining
   540 | D:3      | Learned a level 3 spell: Regeneration
   605 | D:2      | Reached skill level 5 in Necromancy
   692 | D:2      | Noticed Robin
   731 | D:1      | Reached XP level 4. HP: 3/33 MP: 4/8
   752 | D:1      | Gained mutation: You are dopey. (Int -2) [potion of mutation]
   752 | D:1      | Gained mutation: Your tail ends in a poisonous barb. [potion of mutation]
   752 | D:1      | Gained mutation: You are occasionally teleported next to monsters. [potion of mutation]
   752 | D:1      | Gained mutation: You are resistant to hostile enchantments. (MR+) [potion of mutation]
   832 | D:1      | Learned a level 1 spell: Animate Skeleton
   963 | D:2      | Noticed Jessica
   976 | D:1      | Killed Jessica
   976 | D:1      | Reached skill level 3 in Spellcasting
  1075 | D:1      | Reached XP level 5. HP: 18/37 MP: 4/9
  1250 | D:2      | Noticed Natasha
  1253 | D:2      | Killed Natasha
  1306 | D:2      | Reached skill level 6 in Necromancy
  1317 | D:2      | Killed Robin
  1491 | D:3      | Found a glowing silver altar of Zin.
  1491 | D:3      | Found an opulent altar of Gozag.
  1555 | D:3      | Found a hide-covered altar of Uskayaw.
  1567 | D:3      | Became a worshipper of Uskayaw the Reveler
  1625 | D:4      | Reached * piety under Uskayaw
  1626 | D:4      | Reached ** piety under Uskayaw
  1630 | D:4      | Reached *** piety under Uskayaw
  1675 | D:4      | Reached XP level 6. HP: 41/44 MP: 4/11
  1833 | D:4      | Lost mutation: You are occasionally teleported next to monsters. [potion of mutation]
  1833 | D:4      | Lost mutation: You are dopey. (Int -2) [potion of mutation]
  1833 | D:4      | Gained mutation: You are resistant to electric shocks. (rElec) [potion of mutation]
  1833 | D:4      | Gained mutation: You are clumsy. (Dex -2) [potion of mutation]
  1833 | D:4      | Gained mutation: You are covered in fur. (AC +1) [potion of mutation]
  1833 | D:4      | Gained mutation: You are highly resistant to hostile enchantments. (MR++) [potion of mutation]
  1893 | D:5      | Entered Level 5 of the Dungeon
  1907 | D:5      | Found a white marble altar of Elyvilon.
  1918 | D:5      | Got a bloodstained hunting sling
  1919 | D:5      | Identified the +4 hunting sling of No More Talking {venom, rPois} (You found it on level 5 of the Dungeon)
  1933 | D:5      | Found a bloodstained altar of Trog.
  2240 | D:6      | Reached skill level 4 in Spellcasting
  2240 | D:6      | Reached skill level 7 in Necromancy
  2261 | D:5      | Found a snail-covered altar of Cheibriados.
  2275 | D:7      | Noticed a slave
  2275 | D:7      | Noticed a slave
  2275 | D:7      | Noticed a slave
  2275 | D:7      | Noticed a slave
  2277 | D:7      | Noticed Pikel
  2287 | D:6      | Killed a slave
  2320 | D:6      | Killed a slave
  2331 | D:6      | Killed a slave
  2422 | D:6      | Your scales start taking on a dull iron-grey colour.
  2422 | D:6      | Reached XP level 7. HP: 46/49 MP: 9/13
  2422 | D:6      | Gained mutation: You can survive without breathing. [Grey Draconian growth]
  2534 | D:7      | Found a staircase to the Ecumenical Temple.
  2554 | D:7      | Killed Pikel
  2554 | D:7      | Reached skill level 3 in Fighting
  2554 | D:7      | Reached skill level 3 in Dodging
  2554 | D:7      | Reached XP level 8. HP: 7/65 MP: 3/14
  2559 | D:7      | Reached skill level 4 in Fighting
  2559 | D:7      | Reached skill level 4 in Dodging
  2560 | D:7      | Mangled by an ogre

Vault maps used:
D:1:      dpeg_arrival_yet_another_circle
D:2:      fedhas_altar_2, first_bread, uniq_natasha, uniq_robin, uniq_jessica
D:3:      grunt_temple_overflow_gold_and_silver,
          nicolae_overflow_quartered_altars, eat_drink_and_be_merry_uskayaw
D:4:      led_sif_book, minivault_25
D:5:      nicolae_overflow_hidden_temple, grunt_temple_overflow_open
D:6:      minmay_misc_feat_roman, minmay_tree_intersection, uniq_eustachio
D:7:      lemuel_temple_firewalk_b, grunt_ogre_cave, uniq_pikel

Skill      XL: |  1  2  3  4  5  6  7  8 |
---------------+-------------------------+-----
Necromancy     | 5 6 7 |  7.4
Spellcasting   | 3 4 |  4.2
Fighting       | 3 4 |  4.0
Dodging        | 3 4 |  4.0
Stealth        | |  1.7
Unarmed Combat | |  0.2

Action                   |  1- 3 |  4- 6 |  7- 9 || total
-------------------------+-------+-------+-------++-------
Melee: Unarmed           |     5 |       |       ||     5
       Tailslap          |     4 |    20 |     2 ||    26
       Club              |     1 |    35 |       ||    36
       Dagger            |    10 |   110 |    32 ||   152
 Fire: Hunting sling     |       |    25 |       ||    25
 Cast: Pain              |    49 |    60 |     1 ||   110
       Animate Skeleton  |       |     9 |     1 ||    10
       Regeneration      |       |    12 |     4 ||    16
       Vampiric Draining |       |     8 |     3 ||    11
Evoke: Wand              |       |       |     3 ||     3
  Use: Scroll            |     2 |     4 |     5 ||    11
       Potion            |     1 |     2 |     1 ||     4
 Stab: Distracted        |       |     1 |       ||     1
       Sleeping          |       |     1 |       ||     1
  Eat: Chunk             |     1 |     9 |     1 ||    11
Armor: Skin              |    15 |    55 |    31 ||   101
Dodge: Dodged            |    17 |   149 |    27 ||   193

Table legend:
 A = Spawn XP
 B = Non-spawn XP
 C = Spawn XP percentage of total XP
 D = Spawn monster count
 E = Non-spawn monster count
 F = Spawn count percentage of total count
 G = Total turns spent on level
                    A         B        C        D         E        F      G
               +---------+---------+-------+---------+---------+-------+---------
         Total |       0 |    1528 |   0.0 |       0 |      93 |   0.0 |  2560
               +---------+---------+-------+---------+---------+-------+---------
           D:1 |       0 |     141 |   0.0 |       0 |      28 |   0.0 |   769
           D:2 |       0 |     117 |   0.0 |       0 |      28 |   0.0 |   484
           D:3 |       0 |      26 |   0.0 |       0 |      10 |   0.0 |   356
           D:4 |       0 |     217 |   0.0 |       0 |      14 |   0.0 |   286
           D:5 |       0 |      59 |   0.0 |       0 |       4 |   0.0 |   220
           D:6 |       0 |     236 |   0.0 |       0 |       6 |   0.0 |   374
           D:7 |       0 |     732 |   0.0 |       0 |       3 |   0.0 |    71
               +---------+---------+-------+---------+---------+-------+---------

Table legend:
 A = Turns spent in this place as a percentage of turns spent in the entire game.
 B = Non-inter-level travel turns spent in this place as a percentage of non-inter-level travel turns spent in the entire game.
 C = Inter-level travel turns spent in this place as a percentage of turns spent in this place.
 D = Turns resting spent in this place as a percentage of non-inter-level travel turns spent in this place.
 E = Turns spent auto-exploring this place as a percentage of non-inter-level travel turns spent in this place.
 F = Non-inter-level travel turns spent in this place divided by the number of levels of this place that you've seen.
                   A       B       C       D       E      F
               +-------+-------+-------+-------+-------+----------------------
         Total | 100.0 | 100.0 |   3.7 |   0.0 |   0.0 | 352.3
       Dungeon | 100.0 | 100.0 |   3.7 |   0.0 |   0.0 | 352.3
               +-------+-------+-------+-------+-------+----------------------

Table legend:
 A = Kills in this place as a percentage of kills in entire the game.
 B = Kills by you in this place as a percentage of kills by you in the entire game.
 C = Kills by friends in this place as a percentage of kills by friends in the entire game.
 D = Other kills in this place as a percentage of other kills in the entire game.
 E = Experience gained in this place as a percentage of experience gained in the entire game.
 F = Experience gained in this place divided by the number of levels of this place that you have seen.
                   A       B       C       D       E      F
               +-------+-------+-------+-------+-------+----------------------
         Total | 100.0 | 100.0 | 100.0 |   N/A | 100.0 | 218.3
       Dungeon | 100.0 | 100.0 | 100.0 |   N/A | 100.0 | 218.3
               +-------+-------+-------+-------+-------+----------------------

Vault maps used:
D:1:      dpeg_arrival_yet_another_circle
D:2:      fedhas_altar_2, first_bread, uniq_natasha, uniq_robin, uniq_jessica
D:3:      grunt_temple_overflow_gold_and_silver,
          nicolae_overflow_quartered_altars, eat_drink_and_be_merry_uskayaw
D:4:      led_sif_book, minivault_25
D:5:      nicolae_overflow_hidden_temple, grunt_temple_overflow_open
D:6:      minmay_misc_feat_roman, minmay_tree_intersection, uniq_eustachio
D:7:      lemuel_temple_firewalk_b, grunt_ogre_cave, uniq_pikel
